 Dungeon Crawl Stone Soup version 0.26-a0-712-ga5a9c9c9d0 (webtiles) character file.

Game seed: 807266078518941169

1566 tilp the Covert (level 8, -5/39 HPs)
             Began as a Spriggan Enchanter on Nov 5, 2020.
             Was a Follower of Dithmenos.
             Killed from afar by a revenant (27 damage)
             ... with a ghostly fireball
             ... on level 2 of the Abyss.
             The game lasted 00:13:41 (8141 turns).

tilp the Covert (Spriggan Enchanter)                Turns: 8141, Time: 00:13:41

Health: -5/39      AC:  2    Str:  4    XL:     8   Next: 59%
Magic:  11/15      EV: 20    Int: 18    God:    Dithmenos [*.....]
Gold:   319        SH:  0    Dex: 17    Spells: 9/15 levels left

rFire    . . .     SeeInvis +   a - +1 dagger (venom)
rCold    . . .     Faith    .   (shield restricted)
rNeg     . . .     Spirit   .   u - +0 robe
rPois    .         Reflect  .   (helmet restricted)
rElec    .         Harm     .   (no cloak)
rCorr    .         Rampage  .   (gloves unavailable)
MR       +....                  (boots unavailable)
Stlth    ++++......             (no amulet)
HPRegen  0.13/turn              (no ring)
MPRegen  0.14/turn              (no ring)

@: about to teleport, wreathed by umbra, drained, very quick
A: very small, unfitting armour, see invisible, speed 3
a: Renounce Religion


You were on level 2 of the Abyss.
You worshipped Dithmenos.
Dithmenos was aware of your devotion.
You visited 2 branches of the dungeon, and saw 6 of its levels.
You visited the Abyss 1 time.

You collected 319 gold pieces.

Inventory:

Hand Weapons
 a - a +1 dagger of venom (weapon)
 b - a +1 dagger
 x - a +0 scimitar of flaming
Missiles
 c - 135 stones
 q - 19 poisoned darts (quivered)
 v - 3 boomerangs
Armour
 u - a +0 robe (worn)
Wands
 n - a wand of iceblast (19)
 t - a wand of random effects (12)
Scrolls
 d - 5 scrolls of identify
 e - 3 scrolls of teleportation
 f - 4 scrolls of immolation
 h - a scroll of amnesia
 i - 2 scrolls of remove curse
 j - a scroll of enchant weapon {unknown}
 k - a scroll of fog {unknown}
 l - a scroll of random uselessness {unknown}
 o - 2 scrolls of magic mapping {unknown}
 p - a scroll of fear {unknown}
 r - a scroll of blinking {unknown}
 w - a scroll of noise {unknown}
Potions
 g - 2 potions of heal wounds
 m - 3 potions of curing
 s - a potion of flight {unknown}
 z - a potion of brilliance {unknown}


   Skills:
 + Level 2.7(1.6) Fighting
 - Level 5.0(3.8) Short Blades
 + Level 6.0(4.8) Dodging
 - Level 8.0(6.7) Stealth
 - Level 4.0(2.8) Spellcasting
 - Level 8.0(6.7) Hexes
 - Level 4.0(2.8) Evocations


You had 9 spell levels left.
You knew the following spells:

 Your Spells              Type           Power        Failure   Level
a - Corona                Hex            ####...      1%          1
b - Ensorcelled Hibernat  Hex/Ice        ##....       6%          2
c - Confusing Touch       Hex            ####....     3%          3

Your spell library contained the following spells:

 Spells                   Type           Power        Failure   Level
 Tukima's Dance           Hex            ####....     3%          3
 Dazzling Flash           Conj/Hex       ##....       12%         3
 Gell's Gravitas          Tloc           #.........   45%         3
 Metabolic Englaciation   Hex/Ice        ##........   75%         5
 Yara's Violent Unravell  Hex/Tmut       ##........   75%         5
 Petrify                  Tmut/Erth      #.......     86%         4


Dungeon Overview and Level Annotations

Branches:
Dungeon (5/15)             Temple (1/1) D:4

Altars:
Ashenzari
Cheibriados
Dithmenos
Elyvilon
Fedhas
Gozag
Kikubaaqudgha
Makhleb
Nemelex Xobeh
Okawaru
Sif Muna
Trog
Uskayaw
Vehumet
Wu Jian
Xom
Yredelemnul
Zin


Innate Abilities, Weirdness & Mutations

You are very small and have problems with some larger weapons.
You are too small for most types of armour.
You have supernaturally acute eyesight. (SInv)
You cover ground extremely quickly.


Message History

Casting: Confusing Touch (safe; 1% risk of failure)
Confirm with . or Enter, or press ? or * to list all spells.
Your hands begin to glow red.
The quasit gives a chilling moan.
A revenant comes into view.
The revenant shouts!
You hit the quasit but do no damage.
The quasit appears confused.
The quasit completely misses you. x3
The revenant lashes out with ghostly flames.
The ghostly flame explodes!
The ghostly fireball engulfs you!
You feel drained.
You hear a bellow!
Unknown command.
As you read the scroll of teleportation, it crumbles to dust.
You feel strangely unstable.
You feel the power of the Abyss delaying your translocation!
The revenant lashes out with ghostly flames.
The ghostly flame explodes!
The ghostly fireball engulfs you!!
You feel drained.
Ouch! That really hurt!
You die...

## #....#
.#..### . ..
....# ####..# .
# #...#.
..##.## .#.
.....##..#. #
...#..#.#..##..
#....##...#. .
#.#.#.......#.
#..@..# .##...
#..##...###...
# ##..###.#
#..## .
..#L#....#
#X....#.#..#
#.##.#..##. .
#. #.##.....#.
.. ..##.#.#. ..
#. ##. ....###


You could see a revenant.

Vanquished Creatures
  An efreet (Abyss:2)
  Prince Ribbit (D:5)
  Edmund (D:5)
  A phantom (D:4)
  An ogre (D:4)
  A small abomination (Abyss:2)
  A scorpion (D:4)
  2 howler monkeys (D:4)
  3 orc priests
  A hound (D:3)
  A jelly (D:5)
  A bullfrog skeleton (D:4)
  An orc wizard (D:4)
  A centaur skeleton (D:5)
  An iguana (D:5)
  5 worker ants
  A worker ant zombie (D:5)
  14 adders
  3 gnolls (D:2)
  A howler monkey skeleton (D:4)
  3 oozes
  2 worms (D:3)
  4 dart slugs
  A leopard gecko (D:2)
  16 orcs
  A ball python (D:2)
  3 giant cockroaches
  8 goblins
  4 hobgoblins (D:1)
  A quokka (D:2)
  6 bats
  5 frilled lizards
  9 kobolds
  A leopard gecko skeleton (D:5)
  6 rats
112 creatures vanquished.

Notes
Turn   | Place    | Note
-------+----------+-------------------------------------------
     0 | D:1      | tilp the Spriggan Enchanter began the quest for the Orb.
     0 | D:1      | Reached XP level 1. HP: 9/9 MP: 5/5
   572 | D:1      | Reached skill level 5 in Stealth
   572 | D:1      | Reached XP level 2. HP: 10/13 MP: 4/6
   576 | D:1      | Learned a level 2 spell: Ensorcelled Hibernation
  1412 | D:1      | Reached XP level 3. HP: 16/16 MP: 8/8
  1417 | D:1      | Learned a level 3 spell: Confusing Touch
  2055 | D:2      | Found a shimmering blue altar of Sif Muna.
  2118 | D:2      | Found a glowing silver altar of Zin.
  2851 | D:2      | Reached XP level 4. HP: 21/21 MP: 6/9
  3676 | D:3      | Reached XP level 5. HP: 18/24 MP: 5/10
  4088 | D:3      | Found an iron altar of Okawaru.
  4090 | D:3      | Found a snail-covered altar of Cheibriados.
  4742 | D:3      | Reached XP level 6. HP: 27/28 MP: 11/11
  4901 | D:4      | Found a staircase to the Ecumenical Temple.
  4931 | Temple   | Entered the Ecumenical Temple
  5189 | D:4      | Reached skill level 5 in Short Blades
  5798 | D:4      | Reached XP level 7. HP: 30/32 MP: 8/13
  5842 | D:4      | Found a shadowy altar of Dithmenos.
  5921 | D:4      | Became a worshipper of Dithmenos the Shadowed
  6181 | D:4      | Reached skill level 5 in Hexes
  6376 | D:5      | Entered Level 5 of the Dungeon
  6428 | D:5      | Noticed Edmund
  6618 | D:5      | Found a white marble altar of Elyvilon.
  6793 | D:5      | Killed Edmund
  6796 | D:5      | Reached * piety under Dithmenos
  7385 | D:5      | Reached XP level 8. HP: 18/36 MP: 12/15
  7702 | D:5      | Noticed Prince Ribbit
  7711 | D:5      | Killed Prince Ribbit
  7711 | D:5      | Reached skill level 1 in Fighting
  7940 | D:5      | Cast into level 2 of the Abyss (centaur)
  7942 | Abyss:2  | Found a corrupted altar of Lugonu.
  7981 | Abyss:2  | Found a sparkling altar of Nemelex Xobeh.
  7987 | Abyss:2  | Noticed an efreet
  8004 | Abyss:2  | Noticed a raiju
  8024 | Abyss:2  | Killed an efreet
  8024 | Abyss:2  | Reached skill level 5 in Dodging
  8039 | Abyss:2  | Noticed an ancient zyme
  8051 | Abyss:2  | Noticed a wretched star
  8099 | Abyss:2  | Noticed an ancient zyme
  8123 | Abyss:2  | Noticed a large abomination
  8136 | Abyss:2  | Noticed a revenant
  8141 | Abyss:2  | Killed from afar by a revenant

Illustrated notes

Levels and vault maps discovered:
D:1:      minmay_arrival_nine_rooms, layout_basic, minmay_tetromino_t2
D:2:      layout_rooms, lemuel_round_altar, lemuel_round_altar, minmay_circle_x
D:3:      kennysheep_big_flooded_room, layout_rooms,
          chequers_temple_overflow_statue_of_worship
D:4:      minmay_chambers_of_threes, layout_rooms, minmay_temple_entry_waves,
          grunt_dithmenos_smoke_and_mirrors
D:5:      layout_cave_pools, lemuel_round_altar, uniq_prince_ribbit1,
          uniq_edmund, uniq_crazy_yiuf_cottage
Temple:   minmay_temple_bridge_abc
Abyss:2:  base: Temple, evilmike_abyss_exit_12, hangedman_summoners_spam

Skill      XL: |  1  2  3  4  5  6  7  8 |
---------------+-------------------------+-----
Stealth        | 5 6 7 8 |  8.0
Short Blades   | 2 3 4 5 |  5.0
Evocations     | 4 |  4.0
Spellcasting   | 3 4 |  4.0
Hexes          | 4 7 8 |  8.0
Fighting       | 2 |  2.7
Dodging        | 6 |  6.0

Action                   |  1- 3 |  4- 6 |  7- 9 || total
-------------------------+-------+-------+-------++-------
Melee: Dagger            |    61 |   162 |   106 ||   329
Throw: Stone             |     5 |       |       ||     5
 Cast: Corona            |     5 |       |       ||     5
       Ensorcelled Hiber |    18 |    42 |    43 ||   103
       Confusing Touch   |       |     3 |     6 ||     9
Evoke: Wand              |       |     1 |       ||     1
  Use: Scroll            |     1 |     5 |     1 ||     7
       Potion            |       |       |     1 ||     1
 Stab: Sleeping          |    21 |    31 |    25 ||    77
       Distracted        |     1 |       |     1 ||     2
       Confused          |       |     5 |     4 ||     9
Armor: Robe              |     3 |    10 |     6 ||    19
Dodge: Dodged            |    26 |    82 |    76 ||   184

Table legend: (Time is in decaauts)
 A = Elapsed time spent in this place.
 B = Non-inter-level travel time spent in this place.
 C = Inter-level travel time spent in this place.
 D = Time resting spent in this place.
 E = Time spent auto-exploring this place.
 F = Levels seen in this place.
 G = Mean time per level.
                   A        B        C        D        E       F      G
               +--------+--------+--------+--------+--------+-----+--------+
         Total |   6628 |   6383 |    245 |   3398 |   1886 |   7 |  946.9 |
       Dungeon |   6351 |   6120 |    231 |   3398 |   1748 |   5 | 1270.2 |
        Temple |    152 |    138 |     14 |      0 |    137 |   1 |  152.0 |
         Abyss |    124 |    124 |      0 |      0 |      0 |   1 |  124.0 |
               +--------+--------+--------+--------+--------+-----+--------+

Top non-repeatable levels by time:
     D:1: 1978 daAuts
     D:3: 1412 daAuts
     D:4: 1301 daAuts
     D:5: 880 daAuts
     D:2: 778 daAuts
  Temple: 152 daAuts
 Abyss:2: 124 daAuts
